Map: Terrasses de Prion

Players

SuonSincler - Winner!

  • Race: Zerg Zerg
  • League: Silver
  • Spawn Location: 11:00

zidar

  • Race: Zerg Zerg
  • League: Silver
  • Spawn Location: 5:00

VOD

Have the link to the VOD?

Description

Time

  • Played on: Feb. 15, 2016, 1:48 p.m.
  • Length: 2:58
Show
View Real Time Build Order
Export as new Build Order

SuonSincler Zerg - Winner!

Build Orders: Pool Only 

Get SALT Encoding   

  12  0:18  Spawning Pool  
  11  0:23  Extractor  
  11  0:24  Drone  
  11  0:30  Drone  
  11  0:35  Drone  
  13  0:52  Overlord  
  13  1:02  Drone  
  14  1:10  Queen  
  16  1:12  Drone  
  16  1:16  Drone  
  18  1:27  Metabolic Boost  
  18  1:31  Drone  
  19  1:36  Drone  
  20  1:43  Overlord  
  20  1:51  Zergling x2  
  22  2:01  Zergling x2  
  22  2:05  Extractor  
  21  2:14  Zergling x2  
  21  2:28  Zergling x6  
  23  2:37  Zergling x2  
Show
View Real Time Build Order
Export as new Build Order

zidar Zerg 

Build Orders: Pool Only 

Get SALT Encoding   

  12  0:02  Drone  
  13  0:22  Spawning Pool  
  12  0:29  Extractor  
  12  0:30  Drone  
  13  0:43  Overlord  
  13  1:09  Queen  
  16  1:11  Zergling x6  
  18  1:41  Zergling x4  
  20  1:51  Zergling x2  
  21  1:56  Zergling x2  
Tags
 
Add a new tag
Caveats
  • Supply blocks, unpowered buildings, or Contaminate may cause inaccurate times.
  • Supply counts are checked every 10 seconds.